CorruptionSegfaultFreeze, neutral female scurrid Tourist ---- |..| )@.| ---- CorruptionSegfaultFreeze the Rambler Experience level: 1 Strength: 10 Dexterity: 16 Constitution: 14 Intelligence: 14 Wisdom: 6 Charisma: 15 Health: 0(9) Energy: 2(2) Def: 0 Gold: 0 Moves: 84 Dungeon seed: V9WlZDYYXG7sounO Game ID: CorruptionSegfaultFreeze_1498582020 Your Inventory: Weapons a - 51 uncursed +2 darts (in quiver) Armor e - an uncursed +0 Hawaiian shirt (being worn) Comestibles b - an uncursed egg c - 5 uncursed food rations d - an uncursed chestnut f - an uncursed fortune cookie g - 2 uncursed pears h - an uncursed cream pie i - an uncursed pancake Scrolls k - 3 uncursed scrolls of magic mapping l - a blessed scroll of magic mapping Potions j - 2 uncursed potions of extra healing Wands o - an uncursed wand of secret door detection (0:13) Tools m - an uncursed expensive camera (0:47) n - an uncursed credit card Spells and supernatural/magical abilities: Name Level Category Fail Memory W - pray for help -- divine ? -- Your skills at the end: Miscellaneous Skills wands [Basic] Weapon Skills dart [Basic] Spellcasting Skills Final Attributes: You were devoutly aligned. You had infravision. You were very stealthy. You are dead. Voluntary challenges: You went without food. You did not adorn yourself with jewelry or accessories. You did not cause conflict. You were not invisible. You did not have reflection. You were not displaced. You were an atheist. You never hit with a wielded weapon. You were a pacifist. You did not use containers. You did not apply a unicorn horn. You did not use plumbed fixtures. You did not drink any magical draughts. You were illiterate. You never genocided any monsters. You never polymorphed an object. You never changed form. You used no wishes. You never split a pudding. You never wrote Elbereth's name. You violated your moral code, losing 1 point of alignment, starting on turn 83. Dungeon overview: The Dungeons of Doom: levels 1 to 22 Level 1 a long staircase Level 2 Level 3 a long staircase Level 4 Level 5 Level 6 Level 7 Level 8 a fountain Level 9 Level 10 Level 11 Level 12 Level 13 Level 14 Level 15 Level 16 Level 17 a sink Level 18 Level 19 Level 20 Level 21 Level 22 <- You were here History has recorded: On T:1 you entered the Dungeons of Doom to retrieve the Amulet of Yendor! On T:4 you reached level 2 of The Dungeons of Doom. On T:7 you reached level 3 of The Dungeons of Doom. On T:9 you reached level 4 of The Dungeons of Doom. On T:11 you reached level 5 of The Dungeons of Doom. On T:13 you reached level 6 of The Dungeons of Doom. On T:16 you reached level 7 of The Dungeons of Doom. On T:18 you reached level 8 of The Dungeons of Doom. On T:20 you reached level 9 of The Dungeons of Doom. On T:22 you reached level 10 of The Dungeons of Doom. On T:25 you reached level 11 of The Dungeons of Doom. On T:27 you reached level 12 of The Dungeons of Doom. On T:29 you reached level 13 of The Dungeons of Doom. On T:31 you reached level 14 of The Dungeons of Doom. On T:34 you reached level 15 of The Dungeons of Doom. On T:37 you reached level 16 of The Dungeons of Doom. On T:37 you entered the Rogue tribute level. On T:39 you reached level 17 of The Dungeons of Doom. On T:41 you reached level 18 of The Dungeons of Doom. On T:43 you reached level 19 of The Dungeons of Doom. On T:46 you reached level 20 of The Dungeons of Doom. On T:48 you reached level 21 of The Dungeons of Doom. On T:52 you reached level 22 of The Dungeons of Doom. Score breakdown: Gold: 0 ( 0 points) Experience: 1 level ( 0 points) Exploration: 22 levels ( 630 points) Discoveries: 0 items ( 0 points) Variety of kills: 0 monsters ( 0 points) Major goal: (nothing yet) ( 0 points) Survival: died (score multiplied by 3) Total score: 1890 Latest messages: $ - 1671 gold pieces. $ - 833 gold pieces. $ - 430 gold pieces. $ - 917 gold pieces. Suddenly one of the Vault's guards enters! <"Hello stranger, who are you?" -: You can just FUCK yourself you fucked up fucker.> "I don't know you." "Most likely all your money was stolen from this vault." "Please drop that money and follow me." The dart misses the guard. "Please drop that gold and follow me." You hesitate for a moment, bothered by your conscience. The guard gets angry! The dart hits the guard. The guard wields a dagger! The dart hits the guard. The guard thrusts his dagger at you. The guard stabs you! You die... Your 4954 zorkmids goes into the Magic Memory Vault. Final status: Aloha CorruptionSegfaultFreeze the Tourist, killed by a guard... You died in The Dungeons of Doom on dungeon level 22 with 1890 points, and 0 pieces of gold, after 84 moves. You were level 1 with a maximum of 9 hit points when you died.